 Dungeon Crawl Stone Soup version 0.18.1-48-g4cf74bf (webtiles) character file.

248 MistressOfTheDunes the Insei (level 5, -1/41 HPs)
             Began as a Mummy Monk on July 20, 2016.
             Slain by an orc
             ... wielding a +0 mace
              (7 damage)
             ... on level 2 of the Dungeon.
             The game lasted 00:05:57 (5781 turns).

MistressOfTheDunes the Insei (Mummy Monk)           Turns: 5781, Time: 00:05:58

Health: -1/41      AC:  0    Str: 14    XL:     5   Next: 86%
Magic:  5/5        EV: 14    Int: 10    God:
Gold:   69         SH:  0    Dex: 15    Spells: 0 memorised, 4 levels left

rFire  x . .     SeeInvis +       - Unarmed
rCold  + . .     Gourm    .     (no armour)
rNeg   + + +     Faith    .     (no shield)
rPois  ∞         Spirit   .     (no helmet)
rElec  .         Dismiss  .     (no cloak)
rCorr  .         Reflect  .     (no gloves)
SustAt .         Harm     .     (no boots)
MR     .....                    (no amulet)
Stlth  ++........               e - ring of see invisible
                                (no ring)

@: not resistant to hostile enchantments, unstealthy
A: no food or potions, fire vulnerability, cold resistance 1, negative energy
resistance 3, torment resistance, unbreathing
a: no special abilities


You were on level 2 of the Dungeon.
You were not hungry.

You visited 1 branch of the dungeon, and saw 3 of its levels.

You collected 69 gold pieces.


Innate Abilities, Weirdness & Mutations

You do not eat or drink.
Your flesh is vulnerable to fire.
You are immune to poison.
Your flesh is cold resistant.
You are immune to negative energy.
You are immune to unholy pain and torment.
You can survive without breathing.


   Skills:
 - Level 3.0 Fighting
 + Level 4.0 Dodging
 - Level 1.5 Stealth
 - Level 5.0 Unarmed Combat


You had 4 spell levels left.
You didn't know any spells.

Inventory:

Jewellery
 e - a ring of see invisible (right hand)
Scrolls
 a - 3 scrolls of identify {unknown}
 b - a scroll of magic mapping {unknown}
 c - 2 scrolls of blinking {unknown}
 d - 2 scrolls of amnesia {unknown}
 f - 3 scrolls of remove curse {unknown}
 g - a scroll of noise {unknown}
 h - a scroll of recharging {unknown}

Dungeon Overview and Level Annotations

Branches:
Dungeon (3/15)

Altars:
Ashenzari
Gozag
Yredelemnul
Zin

▒▒▒▒▒▒▒▒▒ ▒.......▒
▒▒▒▒▒▒▒▒▒▒▒▒▒▒ ▒.......▒ ▒▒▒
▒.....▒▒.....▒▒ ▒%......▒ ▒.▒
..............▒▒ ▒.......▒▒▒▒.▒
..........)....▒ ▒▒..........▒.▒
...............▒▒▒........▒▒...▒
....)..(.......oMo........▒▒▒..▒
.%.............▒▒▒▒.......▒ ▒..▒
...............▒ ▒▒▒▒▒▒▒▒▒ ▒▒.▒▒
...............▒ ▒...
..............▒▒▒▒▒▒▒▒▒ ▒.▒▒
▒.....▒......▒........▒ ▒.▒▒
▒▒▒▒▒▒▒▒.▒▒▒▒▒........▒ ▒.▒ ▒..▒
▒........▒▒▒▒▒▒▒▒.▒▒ ▒▒.▒
▒......<.▒..........


You could see 2 orcs.


Message History

A goblin comes up the stairs!
You strike the helpless goblin from a blind spot!!!
You pulverise the goblin!
You annihilate the goblin!!!
You now have 69 gold pieces (gained 15)!
Items here: ) [ †† a whip; a scale mail; a goblin corpse; an orc corpse You start resting!
HP restored!
Items here: ) [ †† a whip; a scale mail; a goblin corpse; an orc corpse
There is a stone staircase leading down here!
You climb downwards!
The orc hits you with a mace!!! The orc hits you with a flail!
There is a stone staircase leading up here!
The orc hits you from afar with a trident!!! * * * don't die
* * * The orc closely misses you!
The orc barely misses you!
You climb upwards!
There is a stone staircase leading down here!
You barely miss the orc!
The orc hits you with a mace! * * * don't die
* * * The orc hits you with a flail!!! * * * don't die
* * * You closely miss the orc!
You beat the orc but do no damage!
The orc hits you with a mace! * * * don't die
* * * The orc closely misses you!
You closely miss the orc! The orc hits you with a mace!!! rip

Action                   |  1- 3 |  4- 6 || total
-------------------------+-------+-------++-------
Melee: Unarmed           |   172 |   215 ||   387
       Punch             |     1 |     6 ||     7
 Stab: Sleeping          |     6 |       ||     6
       Distracted        |       |     1 ||     1
Dodge: Dodged            |   106 |   127 ||   233

Vault maps used:
D:1:      dpeg_arrival_arbitrary_b, minivault_26, minmay_misc_feat_nine_boxes,
          grunt_decor_cap, st_stairs_3, dk_noncrumbling_4
D:2:      marbit_many_paths, zin_statuary, gammafunk_temple_overflow_pools,
          first_bread, uniq_terence
D:3:      kennysheep_big_flooded_room, minivault_26, grunt_qazlal_clouds

Notes
Turn   | Place    | Note
--------------------------------------------------------------
     0 | D:1      | MistressOfTheDunes the Mummy Monk began the quest for the Orb.
     0 | D:1      | Reached XP level 1. HP: 18/18 MP: 1/1
   113 | D:1      | Reached XP level 2. HP: 14/24 MP: 2/2
   929 | D:1      | Reached skill level 4 in Unarmed Combat
   948 | D:1      | Reached XP level 3. HP: 8/29 MP: 3/3
  1673 | D:2      | Found a basalt altar of Yredelemnul.
  1737 | D:2      | HP: 1/29 [hobgoblin (4)]
  2342 | D:1      | Reached XP level 4. HP: 22/35 MP: 4/4
  3309 | D:2      | Reached skill level 5 in Unarmed Combat
  3958 | D:2      | Found a shattered altar of Ashenzari.
  3959 | D:2      | Found an opulent altar of Gozag.
  4003 | D:2      | Noticed Terence
  4022 | D:2      | Killed Terence
  4022 | D:2      | Reached skill level 3 in Dodging
  4022 | D:2      | Reached XP level 5. HP: 26/41 MP: 5/5
  4141 | D:2      | Found a glowing silver altar of Zin.
  5739 | D:2      | Reached skill level 4 in Dodging
  5781 | D:2      | Slain by an orc

Vanquished Creatures
  Terence (D:2)
  2 orc wizards (D:3)
  3 gnolls
  3 adders
  An ooze (D:2)
  A worm (D:1)
  2 dart slugs (D:1)
  4 giant geckos
  7 orcs
  5 bats
  6 giant cockroaches
  12 goblins
  12 hobgoblins
  8 jackals
  8 kobolds
  A ball python (D:2)
  6 giant newts
  13 rats
95 creatures vanquished.
